Cogmind - Beta 13 @@@ ROGUE MODE // 2024.03.12 @ 15:37:24 Player: Puck Result: Self-destructed Performance ------------- Evolutions (1) 500 Regions Visited (2) 400 Robots Destroyed (30) 150 Value Destroyed (715) 715 Prototype IDs (0) 0 Alien Tech Used (0) 0 Bonus (0) 0 TOTAL SCORE: 1765 Bonus ------- None Cogmind --------- Core Integrity 291/400 Matter 300/300 Energy 250/250 System Corruption 0% Temperature Cool (0) Movement Walking (260) Ox2 Location -9/Materials Parts ------- > --- POWER (1) -------- Ion Engine > --- PROPULSION (2) --- Aluminum Leg Aluminum Leg > --- UTILITY (4) ------ Medium Storage Unit Light Armor Plating Light Armor Plating Hacking Suite > --- WEAPON (2) ------- Hammer > --- INVENTORY (10) --- Light Ion Engine Aluminum Leg Compact Wheel Visual Processing Unit Signal Interpreter Peak State ------------ > --- POWER ------------ Light Ion Engine > --- PROPULSION ------- Aluminum Leg Aluminum Leg > --- UTILITY ---------- Medium Storage Unit Light Armor Plating Light Armor Plating Hacking Suite > --- WEAPON ----------- Light Assault Rifle Hammer > --- INVENTORY -------- Light Ion Engine Aluminum Leg Aluminum Leg Visual Processing Unit Signal Interpreter Light Armor Plating [Rating: 11] Favorites ----------- Power Ion Engine Engine Ion Engine Propulsion Light Treads Treads Light Treads Leg Aluminum Leg Wheel Compact Wheel Utility Small Storage Unit Storage Small Storage Unit Hackware Hacking Suite Protection Light Armor Plating Weapon Light Assault Rifle Ballistic Gun Light Assault Rifle Impact Weapon Hammer Build | -11 -10 -9 ------- Run | Yrd Mat Mat Slots Evolved 2 | . . 2 Power . | . . . Propulsion . | . . . Utility 2 | . . 2 Weapon . | . . . Parts Attached 21 | 2 11 8 Power 2 | . 1 1 Engine 2 | . 1 1 Core . | . . . Reactor . | . . . Propulsion 7 | 2 3 2 Treads 2 | 2 . . Leg 4 | . 3 1 Wheel 1 | . . 1 Hover . | . . . Flight . | . . . Utility 8 | . 3 5 Device . | . . . Storage 1 | . 1 . Processor . | . . . Hackware 1 | . . 1 Protection 6 | . 2 4 Artifact . | . . . Weapon 4 | . 4 . Energy Gun . | . . . Energy Cannon . | . . . Ballistic Gun 3 | . 3 . Ballistic Cannon . | . . . Launcher . | . . . Special Weapon . | . . . Impact Weapon 1 | . 1 . Slashing Weapon . | . . . Piercing Weapon . | . . . Special Melee Weapon . | . . . Unidentified Prototypes . | . . . Parts Lost 7 | . 3 4 Power 2 | . 1 1 Propulsion 1 | . . 1 Utility 1 | . . 1 Weapon 3 | . 2 1 Highest Loss Streak 2 | . 2 2 To Critical Strikes . | . . . Average Slot Usage (%) 89 | . 88 91 Engine 12 | . 14 9 Treads 14 | . 17 . Leg 11 | . 10 18 Storage 13 | . 14 11 Hackware 2 | . . 9 Protection 7 | . 4 20 Ballistic Gun 21 | . 23 11 Impact Weapon 5 | . 3 11 Naked Turns . | . . . Heaviest Build 25 | 12 19 25 Greatest Support 40 | 40 40 20 Greatest Overweight (x) 2 | . . 2 Average Overweight (x) . | . . 1 Largest Inventory Capacity 10 | 8 10 10 Average Capacity 8 | 8 8 10 Most Carried 8 | 6 8 7 Average Carried 6 | 3 6 5 Final Capacity 10 | 8 10 10 Final Carried 8 | 4 8 5 Class Distribution -------------------- 95% | Mutant 4% | Scavenger-Mutant Dominant Class ---------------- Mutant | -10/Materials Mutant | -9/Materials Resources | -11 -10 -9 ----------- Run | Yrd Mat Mat Matter Collected 685 | 224 381 80 Remotely . | . . . Salvage Created 1111 | 56 856 199 Parts 54 | 2 49 3 Haulers Intercepted 2 | . 2 . Recyclers Shooed 2 | . 2 . Parts Field Recycled . | . . . Retrieved Matter . | . . . Parts Self-Destructed . | . . . Prevented . | . . . Kills | -11 -10 -9 ------- Run | Yrd Mat Mat Combat Hostiles Destroyed 19 | . 15 4 Melee 4 | . 1 3 Guns 13 | . 13 . Classes Destroyed 10 | 1 6 3 Worker 1 | . 1 . Hauler 2 | . 2 . Recycler 3 | 1 2 . Mechanic 1 | . . 1 Operator 1 | . 1 . Watcher 3 | . 2 1 Swarmer 3 | . 3 . Grunt 14 | . 12 2 Brawler 1 | . . 1 Duelist 1 | . . 1 Best Kill Streak 4 | 1 4 2 Combat Bots Only 4 | . 4 2 Max Kills in Single Turn 1 | 1 1 1 Gunslinging . | . . . Exploded . | . . . Melee 1 | . 1 1 Uniques/NPCs Destroyed . | . . . Combat | -11 -10 -9 -------- Run | Yrd Mat Mat Hostile Shots Fired 182 | . 117 65 Missed 50 | . 27 23 Damage Taken 1556 | . 946 610 Core 260 | . 151 109 Absorbed by Shields . | . . . Core Remaining (%) 69 | 100 39 . Volleys Fired 80 | 2 77 1 Largest 2 | 2 2 1 Hottest 40 | 40 40 20 Shots Fired 143 | 4 138 1 Gun 143 | 4 138 1 Cannon . | . . . Launcher . | . . . Special . | . . . Kinetic 143 | 4 138 1 Thermal . | . . . Explosive . | . . . Electromagnetic . | . . . Robot Hit Streak 12 | 4 11 12 Robot Miss Streak 7 | . 7 . Penetration Max . | . . . Secondary Targets . | . . . Shots Hit Robots 120 | 4 93 23 Core Hits 48 | 2 40 6 Critical Kills 1 | . . 1 Critical Parts Destroyed 4 | . 4 . Critical Strikes 5 | . 4 1 Destroy 1 | . 1 . Smash 4 | . 3 1 Melee Attacks 39 | . 7 32 Impact 39 | . 7 32 Slashing . | . . . Piercing . | . . . Sneak Attacks 4 | . 2 2 Combat Hostiles . | . . . Follow-up Attacks . | . . . Damage Inflicted 1821 | 29 1140 652 Guns 987 | 29 950 8 Cannons . | . . . Explosions . | . . . Melee 834 | . 190 644 Ramming . | . . . Kinetic 987 | 29 950 8 Thermal . | . . . Explosive . | . . . Electromagnetic . | . . . Impact 834 | . 190 644 Slashing . | . . . Piercing . | . . . Highest Corruption . | . . . Average Corruption . | . . . Corruption Purged . | . . . Corruption Blocked . | . . . Overload Shots . | . . . Overflow Damage 166 | . 120 46 Projectiles . | . . . Explosions . | . . . Melee 166 | . 120 46 Knockbacks 6 | . . 6 Impact 6 | . . 6 Kinetic . | . . . Secondary . | . . . Self-Inflicted Damage . | . . . Shots . | . . . Rammed . | . . . Targets Rammed . | . . . Kicked . | . . . Crushed . | . . . Highest Temperature 18 | . 18 3 Average Temperature 6 | . 6 3 Received Heat Transfer 549 | . 387 162 Siege Activations . | . . . Robots Corrupted . | . . . Combat Hostiles . | . . . Parts Fried 4 | . 1 3 Impact Corruptions 9 | . 5 4 Robots Melted . | . . . Combat Hostiles . | . . . Parts Melted . | . . . Heat Transferred . | . . . Parts Sabotaged . | . . . Parts Stolen . | . . . Parts Stripped . | . . . Power Chain Reactions . | . . . Alert | -11 -10 -9 ------- Run | Yrd Mat Mat Peak Influence 254 | 5 254 199 Initial 72 | . 3 72 Average 103 | 3 100 120 Maximum Alert Level 1 | . 1 . Low Security (%) 93 | 100 91 100 Level 1 6 | . 8 . Level 2 . | . . . Level 3 . | . . . Level 4 . | . . . Level 5 . | . . . High Security . | . . . Max Security . | . . . Squads Dispatched 4 | . 4 . Investigation 2 | . 2 . Extermination . | . . . Reinforcement 2 | . 2 . Assault . | . . . Garrison . | . . . Intercept . | . . . Searches Triggered . | . . . Construction Impeded . | . . . Haulers Reinforced . | . . . Active Scanning Responses . | . . . Cargo Convoy Interrupts . | . . . Stealth | -11 -10 -9 --------- Run | Yrd Mat Mat Distress Signals . | . . . Communications Jammed . | . . . Distress Signals . | . . . Times Spotted 36 | . 21 15 Peak Tracking Total 5 | . 5 5 Tactical Retreats . | . . . Traps | -11 -10 -9 ------- Run | Yrd Mat Mat Traps Triggered 1 | . 1 . Indirectly . | . . . Trap Hack Attempts . | . . . Triggered . | . . . Disarmed . | . . . Reprogrammed . | . . . Reused . | . . . Traps Extracted . | . . . Installed . | . . . Triggered . | . . . Machines | -11 -10 -9 ---------- Run | Yrd Mat Mat Machines Disabled . | . . . Max in Single Turn . | . . . Machines Repaired . | . . . Machines Dismantled . | . . . Machines Sabotaged . | . . . Overloaded Fab Kills . | . . . Hacking | -11 -10 -9 --------- Run | Yrd Mat Mat Machines Accessed 4 | . 3 1 Terminals 4 | . 3 1 Fabricators . | . . . Repair Stations . | . . . Recycling Units . | . . . Scanalyzers . | . . . Garrison Access . | . . . Total Hacks 9 | . 6 3 Successful 4 | . 3 1 Failed 5 | . 3 2 Catastrophic 2 | . 2 . Database Lockouts . | . . . Manual 5 | . 3 2 Terminals 9 | . 6 3 Fabricators . | . . . Repair Stations . | . . . Recycling Units . | . . . Scanalyzers . | . . . Garrison Access . | . . . Terminal Hacks 3 | . 2 1 Robot Analysis 1 | . 1 . Terminal Index 1 | . 1 . Locate Traps 1 | . . 1 Fabricator Hacks . | . . . Repair Station Hacks . | . . . Recycling Unit Hacks . | . . . Scanalyzer . | . . . Garrison Access Hacks . | . . . Unauthorized Hacks 1 | . 1 . Terminals 1 | . 1 . Botnet 1 | . 1 . Fabricators . | . . . Repair Stations . | . . . Recycling Units . | . . . Scanalyzers . | . . . Garrison Access . | . . . Data Cores Recovered . | . . . Used . | . . . Hacking Detections 4 | . 3 1 Full Trace Events 2 | . 1 1 Feedback Events . | . . . Feedback Blocked . | . . . Robot Schematics Acquired . | . . . Robots Built . | . . . Authchips . | . . . Time . | . . . Total Robot Build Rating . | . . . Part Schematics Acquired . | . . . Parts Built . | . . . Authchips . | . . . Time . | . . . Total Part Build Rating . | . . . Parts Repaired . | . . . Time . | . . . Parts Recycled . | . . . Recycled Matter . | . . . Retrieved Matter . | . . . Retrieved Components . | . . . Parts Scanalyzed . | . . . Part Schematics Acquired . | . . . Parts Damaged . | . . . Bothacking | -11 -10 -9 ------------ Run | Yrd Mat Mat Used RIF Installer . | . . . Robots Hacked . | . . . Non-combat . | . . . Combat . | . . . Robot Hacks Applied . | . . . Relay Couplers Released . | . . . Fabnet Peak Effective % . | . . . Robots Rewired . | . . . Allies Hacked . | . . . Hacks Repelled . | . . . Allies | -11 -10 -9 -------- Run | Yrd Mat Mat Total Allies . | . . . Largest Group . | . . . Highest-Rated Group . | . . . Highest-Rated Ally . | . . . Total Orders . | . . . Ally Attacks . | . . . Total Damage . | . . . Kills . | . . . Allies Corrupted . | . . . Allies Melted . | . . . Intel | -11 -10 -9 ------- Run | Yrd Mat Mat Robot Analysis Total 1 | . 1 . Derelict Logs Recovered . | . . . Drone Launches . | . . . Drone Recoveries . | . . . Exploration | -11 -10 -9 ------------- Run | Yrd Mat Mat Turns Passed 1388 | 23 1078 287 Spaces Moved 620 | 8 527 85 Core . | . . . Treads 316 | 8 308 . Legs 304 | . 219 85 Wheels . | . . . Hover . | . . . Flight . | . . . Fastest Speed 120 | 160 120 190 Average Speed 153 | 160 143 213 Slowest Speed 260 | 160 160 260 Overloaded Moves . | . . . Propulsion Burnouts . | . . . Robots Hopped . | . . . Cave-ins Triggered . | . . . Exploration Rate (%) 27 | 2 69 11 Regions Visited 2 Branch Regions . Pre-discovered Areas . | . . . Known Exits Taken . | . . . Unknown Exits Taken 2 | 1 1 . Scrap Searched . | . . . Spaces Dug . | . . . Terrain Destroyed . | . . . Melee . | . . . Projectile . | . . . AOE . | . . . Terrain Rammed . | . . . Walls Destroyed . | . . . Machines Disabled . | . . . Actions | -11 -10 -9 --------- Run | Yrd Mat Mat Total 862 | 17 714 131 Wait 74 | . 70 4 Move 618 | 7 526 85 Hop . | . . . Pick Up 17 | 2 14 1 Fast Attach 3 | . 1 2 Attach 11 | 2 5 4 Detach . | . . . Swap 7 | . 5 2 Drop 13 | 4 9 . Fire 80 | 2 77 1 Melee 39 | . 7 32 Ram . | . . . Kick . | . . . Crush . | . . . Escape Stasis . | . . . Rewire . | . . . Trap . | . . . Miscellaneous . | . . . Route ------- -11/Scrapyard -10/Materials (discovered 4 exits: *Mat x3 / [*Min]) -9/Materials History --------- Turn | Location | Event 12 | -11/Scrapyard | Discovered new exit (range 1) 24 | -11/Scrapyard | Entered Materials 311 | -10/Materials | Build established: Mutant 710 | -10/Materials | Discovered new exit (range 10) 715 | -10/Materials | Discovered new exit (range 14) 767 | -10/Materials | Discovered new exit (range 16) 814 | -10/Materials | Core integrity fell below 50% 1025 | -10/Materials | Discovered new exit (range 6) 1102 | -10/Materials | Entered another Materials area 1102 | -9/Materials | Evolved 2 slots: Utility x2 1389 | -9/Materials | Self-destructed Last Messages --------------- 01268_ Acquired Lgt. Armor Plating. 01268_ K-01 Serf collects debris. 01269_ Acquired 13 matter. 01271_ K-01 Serf collects debris. 01273_ Acquired Ion Engine. 01275_ K-01 Serf collects debris. 01285_ Sneak attack on M-13 Machinist. 01285_ Destroyed Wheel. 01285_ M-13 Machinist system corrupted by crushing effect. 01285_ M-13 Machinist knocked back. 01285_ K-01 Serf collects debris. 01288_ M-13 Machinist destroyed. 01289_ K-01 Serf collects debris. 01290_ Acquired 17 matter. 01291_ K-01 Serf collects debris. 01319_ Acquired Com. Wheel. 01347_ B-36 Bruiser destroyed. 01349_ Acquired 20 matter. 01357_ G-34 Mercenary knocked back. 01383_ Lgt. Assault Rifle destroyed. Map ----- +----------------------------------------------------+ | ?????????????????????????????????????????????????? | | ?????????????????????????????????????????????????? | | ?????????????????????????????????????????????????? | | ?????????????????????????????????????????????????? | | ?????????????????????????????????????????????????? | | ?????????????????????????????????????????????????? | | ?????????????????????????????????????????????????? | | ?????????????????????????????????????????????????? | | ?????????????????????????????????????????????????? | | ????????????????########?????????????????????????? | | ????????????????# #?????????????????????????? | | ????????????????# """ #?????????????????????????? | | ??????#?????????# """ #?????????????????????????? | | ??????# ????????# """ #?????????????????????????? | | ??????# ???????# #?????????????????????????? | | ??????# ??????# #?????????????????????????? | | ??????# ##########+################????????????? | | ??????# % ???????????? | | ????# % =% ???????????? | | ????# %%! ???????????? | | ????# ###+########s###########/??????????????? | | ????# # # #?????????????????????? | | ##### # # #?????????????????????? | | ^ ^ #""" # #?????????????????????? | | ^^^ #""" # #?????????????????????? | | ^ ^^ #""" # @ #?????????????????????? | | # s /s g/ ??????????????????? | | #####/## #####?????????????????? | | """ #???# ## #?????????????????????? | | """ #???# ############?????????????????????? | | """ ##### ##############???????????????????? | | ??????????????????? | | ??????????????????? | | ??????????????????? | | ###+########+###### ####+##???????????????????? | | # # #??#?????????????????????????? | | # % # """ #????????????????????????????? | | # # """""#????????????????????????????? | | # # """""#????????????????????????????? | | # "T" # """""#????????????????????????????? | | # # """ #????????????????????????????? | | ######## ???????????????????????????????? | | ####??????# ????????????????????????????????? | | ??????????#######????????????????????????????????? | | ?????????????????????????????????????????????????? | | ?????????????????????????????????????????????????? | | ?????????????????????????????????????????????????? | | ?????????????????????????????????????????????????? | | ?????????????????????????????????????????????????? | | ?????????????????????????????????????????????????? | +----------------------------------------------------+ Best States ------------- Heat Dissipation 28 Energy Generation 10 Energy Capacity 250 Matter Stores 300 Matter Capacity 300 Sight Range 16 Terrain Scan Density 10 Armor Coverage 450 Evasion (%) 55 Recoil Reduction 2 Offensive Hacking 10 Item Schematics ----------------- None Robot Schematics ------------------ None Fabricated ------------ Nothing Alien Tech Used ----------------- None Achievements -------------- None Challenges ------------ None Game ------ Seed SigixCorruptionMachine Manual? 0 Play Time 00:10:45 Cumulative 256.6 hours Start 2024.03.12 @ 14:56:25 End 2024.03.12 @ 15:37:24 Sessions 3 Manual Loads 0 Difficulty Rogue Special Mode None Game No. 110 Rogue 70 Adventurer 29 Explorer 11 Win Type - Total 11 Types 6/0/1/2/0/0/1/0/1 Lore% 59 Gallery% 78 Achievement% 76 Wizard Run 0 Options --------- Layout 0 ASCII 0 Keyboard 0 Movement Numpad Keybinds 0 Fullscreen 2 Font 24/Smallcaps Map View 76x50 Zoom Use 0% Tactical HUD 1 Map Filters NONE Filters LOW_CONTRAST(13,24,33) Steam 1 RUN: ff45b939-9ff7-40e0-a301-4224bbd6ce9c